 Dungeon Crawl Stone Soup version 0.28.0-62-gf88900778d (webtiles) character file.

Game seed: 968251041889907637

35 cbfl8 the Skirmisher (level 3, 0/29 HPs)
             Began as a Demonspawn Fighter on Mar 12, 2024.
             Slain by Terence
             ... wielding a +1 morningstar of protection
              (5 damage)
             ... on level 1 of the Dungeon.
             The game lasted 00:01:09 (1448 turns).

cbfl8 the Skirmisher (Demonspawn Fighter)           Turns: 1448, Time: 00:01:10

Health: 0/29       AC:  6    Str: 13 (16) XL:     3   Next: 16%
Magic:  3/3        EV:  8    Int:  8 (11) God:
Gold:   29         SH:  4    Dex: 13 (14) Spells: 2/2 levels left

rFire   . . .      SeeInvis .   a - +0 war axe
rCold   . . .      Faith    .   c - +0 buckler
rNeg    . . .      Spirit   .   b - +0 scale mail
rPois   .          Reflect  .   (no helmet)
rElec   .          Harm     .   (no cloak)
rCorr   .          Rampage  .   (no gloves)
Will    .....                   (no boots)
Stlth   ..........              (no amulet)
HPRegen 0.89/turn               (no ring)
MPRegen 0.08/turn               (no ring)

@: no status effects
A: hooves 1, demonic magic 1, clever 1, regeneration 1, wild magic 1
a: no special abilities


You were on level 1 of the Dungeon.
You visited 1 branch of the dungeon, and saw 2 of its levels.

You collected 29 gold pieces.

Inventory:

Hand Weapons
 a - a +0 war axe (weapon)
Armour
 b - a +0 scale mail (worn)
 c - a +0 buckler (worn)
Scrolls
 f - a scroll of enchant armour {unknown}
 h - a scroll of enchant weapon {unknown}
 i - a scroll of identify {unknown}
Potions
 d - a potion of might


   Skills:
 + Level 3.2 Fighting
 + Level 2.2 Axes
 + Level 2.9 Armour
 + Level 2.9 Shields
 * Level 1.1 Evocations


You had 2 spell levels left.
You didn't know any spells.
Your spell library was empty.

Dungeon Overview and Level Annotations

Branches:
Dungeon (2/15)

Altars:

Annotations:
D:1 Terence


Innate Abilities, Weirdness & Mutations

You have large cloven feet.
Spells you cast may paralyse adjacent enemies.
Your mind is acute. (Int +2)
Your natural rate of healing is unusually fast.
Your spells are a little harder to cast, but a little more powerful.


Message History

The dart slug is attracted toward you. The dart slug is attracted toward you.
Terence says, "Did you write a will?
You should..."
The dart slug is attracted toward you. Terence is attracted toward you.
Terence is attracted toward you. The dart slug is attracted toward you.
Terence shouts, "Get ready for death!"
There is an escape hatch in the ceiling here.
The hobgoblin barely misses you. Terence hits you but does no damage.
The dart slug launches a dart at you. The slug dart hits you.
The hobgoblin barely misses you. The dart slug is attracted toward you.
The dart slug bites you but does no damage.
There is a shaft here.
The hobgoblin falls through a shaft!
The shaft crumbles and collapses.
You feel less attractive to monsters.
Terence hits you with a +1 morningstar of protection!
You block the dart slug's attack. The dart slug barely misses you.
Terence says, "Rest in peace."
The dart slug launches a dart at you. The slug dart hits you.
The dart slug bites you.
There is an escape hatch in the ceiling here.
Terence hits you with a +1 morningstar of protection.
A mysterious force pulls you upwards. The hatch slams shut behind you.
You barely miss Terence. You slash the fungus!
The fungus begins to die.
You hit the dart slug.
Terence hits you with a +1 morningstar of protection!
The dart slug launches a dart at you. The slug dart misses you.
The slug dart hits Terence but does no damage.
Terence hits you with a +1 morningstar of protection.
* * * LOW HITPOINT WARNING * * *
You hit Terence. You kick Terence, but do no damage.
Terence is moderately wounded.
You hit the fungus. You hit the dart slug. The dart slug bites you.
* * * LOW HITPOINT WARNING * * *
Terence hits you with a +1 morningstar of protection.
You die...

#################............#
#.(.#..(#...#.<.#.#####....#.#
#P..#...#P..#...#.# #.#.##.#
##'###'###'###'##.# #......#
#...............#.# ###.####
#......##.......'.# #.#
#.......†.......### #.#
##'###'###'###w## #.#####
#P..#P..#...#.@P# #......
#...#...#...#.@.# #####..
################# #.# #.# #.#
#.# #.# #.. ###


You could see Terence and a dart slug.

Vanquished Creatures
  An adder (D:2)
  2 bats
  2 endoplasms (D:1)
  2 giant cockroaches
  5 hobgoblins
  2 quokkas
  2 ball pythons (D:2)
  A goblin (D:1)
  2 kobolds
  6 rats
25 creatures vanquished.

Vanquished Creatures (others)
  2 fungi (D:2)
  4 plants (D:2)
6 creatures vanquished.

Grand Total: 31 creatures vanquished

Notes
Turn   | Place    | Note
-------+----------+-------------------------------------------
     0 | D:1      | cbfl8 the Demonspawn Fighter began the quest for the Orb.
     0 | D:1      | Reached XP level 1. HP: 18/18 MP: 1/1
   399 | D:1      | Gained mutation: Spells you cast may paralyse adjacent
                  | enemies. [demonic ancestry]
   399 | D:1      | Reached XP level 2. HP: 24/24 MP: 2/2
   957 | D:2      | Found a faded altar of an unknown god.
   984 | D:2      | Reached skill level 1 in Evocations
  1054 | D:2      | Gained mutation: You have large cloven feet. [demonic
                  | ancestry]
  1054 | D:2      | Reached XP level 3. HP: 20/29 MP: 3/3
  1391 | D:2      | Noticed Terence
  1399 | D:2      | Gained mutation: Your spells are a little harder to cast,
                  | but a little more powerful. [potion of mutation]
  1399 | D:2      | Gained mutation: Your mind is acute. (Int +2) [potion of
                  | mutation]
  1399 | D:2      | Gained mutation: Your natural rate of healing is unusually
                  | fast. [potion of mutation]
  1448 | D:1      | Slain by Terence

Illustrated notes

Levels and vault maps discovered:
D:1:      dpeg_arrival_prison, layout_loops_cross, minmay_pentomino_v2
D:2:      layout_rooms, shapermc_ecumenical_altar_acropolis,
          serial_corexii_hall, corexii_hall_statues_l,
          chequers_hall_statues_wall_a, minmay_vboxes, uniq_terence

Skill      XL: |  1  2 |
---------------+-------+-----
Axes           | 2 |  2.2
Evocations     | 1 |  1.1
Fighting       | |  3.2
Armour         | |  2.9
Shields        | |  2.9

Action                   || total
-------------------------++-------
Melee: War axe           ||    71
       Kick              ||     2
  Use: Potion            ||     3
Armor: Scale mail        ||    36
Dodge: Dodged            ||    33
Block: Buckler           ||    20
